cohdb
Replays
Latest Replays
All Replays
Popular Replays
Top Player Replays
Match Explorer
How It Works
Community
CoH3 Stats
Reddit
Sign in to upload your games and track your stats! →
Sign in with Steam
Match 43116719
Unlisted
Match 43116719
Overview
Messages
Build Orders
End
Kettenkrad Recon Vehicle
Construct Infanterie Kompanie
Grenadier Squad
Grenadier Squad
Grenadier Squad
Construct Luftwaffe Kompanie
Construct Luftwaffe Kompanie
Jäger Squad
Flak 30 Anti-aircraft Gun Team
Selects Italian Coastal Battlegroup
Selects Coastal Reserves
Selects Support Bunkers
Medical Bunker
Luftwaffe Officer Quarters
Support Elements
Selects Rapid Fortifications
Rapid Fortifications
MG 42 Bunker
Selects Call the Reserves!
Call the Reserves!
Wirbelwind Flakpanzer
Jäger Squad
Jäger Squad
Selects Artillery Officer
Rapid Fortifications
MG 42 Bunker
Marder III M Tank Destroyer
Jäger Squad
Rapid Fortifications
Selects Obice da 210/22 Artillery Emplacement
MG 42 Bunker
Wirbelwind Flakpanzer
Side Skirts
Kettenkrad Recon Vehicle
Pioneer Squad
Rapid Fortifications
MG 42 Bunker
Marder III M Tank Destroyer
iceman
0 Honour
Spokesman of Insanity
MR.Elpőehant
-=GX=-
samurai.g
0
0
Comments
sign in to comment!
No comments posted yet!